Marlies vs Firebirds
Created - December 10, 2024 at 19:24
Goals
|
| Marlies |
0 |
1 |
0 |
1 |
| Firebirds |
0 |
2 |
1 |
3 |
|
Shots
|
| Marlies |
5 |
8 |
10 |
23 |
| Firebirds |
12 |
15 |
8 |
35 |
|
1st period
No Goal
Penalties :
Pierre-Luc Dubois (Coa) for Holding (Minor) at 11:50
2nd period
1. Marlies , Joel Farabee 9 (Pierre-Olivier Joseph 26, Logan Thompson) at 5:57 (PP)
2. Firebirds , Jasper Weatherby 3 (Victor Mete 9) at 11:04
3. Firebirds , Pierre-Luc Dubois 7 (Eric Robinson 11) at 12:17
Penalties :
Maxence Guenette (Coa) for Elbowing (Minor) at 5:47
3rd period
4. Firebirds , Jake Evans 10 (Jasper Weatherby 3, Jacob Middleton 2) at 19:04 (Empty Net)
Penalties :
Wade Allison (Coa) for Hooking (Minor) at 0:53, Tyler Benson (Tor) for Tripping (Minor) at 6:10, Keaton Thompson (Tor) for Roughing (Minor) at 10:08
Goalie Stats
Logan Thompson (Tor), 32 saves from 34 shots - (0.941), L, 8-4-0, 59:42 minutes
Cayden Primeau (Coa), 22 saves from 23 shots - (0.957), W, 8-8-3, 60:00 minutes
Players Stats for Marlies
Player Name G A P +/- PIM S H SB GA TA FO MP PP MP PK MP
------------------------------------------------------------------------------------
Aleksi Saarela 0 0 0 -1 0 1 1 0 0 0 9/27 21:38 1:53 1:55
Alex Formenton 0 0 0 -1 0 1 2 0 0 0 0/0 13:46 0:48 1:33
Arthur Kaliyev 0 0 0 0 0 0 2 1 0 1 0/0 9:36 0:00 0:00
Dennis Gilbert 0 0 0 -2 0 0 0 0 0 0 0/0 13:16 0:00 0:06
Dmitri Samorukov 0 0 0 -2 0 2 1 0 0 0 0/0 15:13 1:48 0:41
Hugh McGing 0 0 0 0 0 0 2 0 0 0 0/0 9:36 0:00 0:00
Isac Lundestrom 0 0 0 0 0 0 1 0 0 0 6/7 10:55 0:03 1:16
Joel Farabee 1 0 1 -1 0 2 0 0 0 0 0/0 15:28 2:10 0:00
Keaton Thompson 0 0 0 -1 2 0 2 0 0 0 0/0 19:53 1:48 0:58
Kole Sherwood 0 0 0 -1 0 0 1 1 0 0 0/0 11:42 0:17 0:00
Lias Andersson 0 0 0 -1 0 0 0 1 0 0 2/7 13:05 1:55 0:00
Lucas Carlsson 0 0 0 -1 0 0 2 2 0 1 0/0 21:12 2:20 2:13
Martin Necas 0 0 0 -1 0 2 1 0 2 0 2/3 19:41 1:50 0:27
Mathieu Olivier 0 0 0 -1 0 4 4 0 0 0 0/0 17:11 1:58 1:48
Matthew Highmore 0 0 0 -1 0 0 0 0 0 0 5/9 13:18 0:00 0:00
Pierre-Olivier Joseph 0 1 1 0 0 3 0 1 1 0 0/0 26:13 2:20 2:13
Rasmus Dahlin 0 0 0 0 0 5 2 2 1 1 0/0 24:16 0:00 1:45
Tyler Benson 0 0 0 -1 2 3 3 3 0 0 0/1 20:01 1:30 0:57
Players Stats for Firebirds
Player Name G A P +/- PIM S H SB GA TA FO MP PP MP PK MP
------------------------------------------------------------------------------------
Artur Kayumov 0 0 0 0 0 0 0 0 0 0 0/0 0:00 0:00 0:00
Dylan Coghlan 0 0 0 0 0 0 2 1 0 1 0/0 18:54 1:57 1:39
Eric Robinson 0 1 1 1 0 1 0 0 0 0 1/1 16:04 1:45 1:36
Fredrik Olofsson 0 0 0 1 0 1 0 1 1 0 0/0 13:06 0:00 0:57
Hayden Hodgson 0 0 0 1 0 3 2 0 0 0 1/3 20:55 2:13 2:02
Jacob Middleton 0 1 1 1 0 1 0 2 0 0 0/0 10:53 0:00 0:00
Jacob Olofsson 0 0 0 0 0 0 0 0 0 0 0/0 0:00 0:00 0:00
Jake Evans 1 0 1 1 0 8 0 2 0 0 19/34 20:55 2:13 2:02
Jakub Zboril 0 0 0 2 0 3 2 1 0 1 0/0 22:53 2:01 2:29
Jasper Weatherby 1 1 2 1 0 1 2 0 0 1 0/3 13:27 0:00 1:18
John Ludvig 0 0 0 0 0 1 1 0 1 0 0/0 7:20 0:00 0:00
Jonah Gadjovich 0 0 0 0 0 2 0 1 1 0 0/0 10:22 0:00 0:00
Kyle Capobianco 0 0 0 1 0 0 1 2 0 0 0/0 10:53 0:00 0:00
Maksim Sushko 0 0 0 1 0 0 1 0 0 0 0/0 12:09 0:00 0:00
Matej Blumel 0 0 0 0 0 0 0 0 0 0 0/0 10:22 0:00 0:00
Matthew Kiersted 0 0 0 0 0 0 0 0 0 0 0/0 18:54 1:57 1:39
Maxence Guenette 0 0 0 0 2 0 0 1 0 0 0/0 7:19 0:00 0:00
Nikita Alexandrov 0 0 0 0 0 0 0 0 0 0 0/0 0:00 0:00 0:00
Parker Kelly 0 0 0 0 0 0 0 0 0 0 0/0 0:00 0:00 0:00
Pierre-Luc Dubois 1 0 1 1 2 1 0 0 0 0 5/9 14:48 1:45 0:21
Sasha Chmelevski 0 0 0 0 0 1 0 1 0 0 3/3 10:22 0:00 0:00
Stelio Mattheos 0 0 0 0 0 0 0 0 0 0 0/0 0:00 0:00 0:00
Thomas Spelling 0 0 0 1 0 4 1 0 0 0 0/0 18:46 2:13 0:00
Victor Mete 0 1 1 2 0 6 0 2 0 1 0/0 22:53 2:01 2:29
Wade Allison 0 0 0 1 2 2 0 0 0 0 1/1 14:34 1:45 0:00
3 Stars
1 - Jasper Weatherby (Coa)
2 - Jake Evans (Coa)
3 - Cayden Primeau (Coa)
Power Play
Marlies - 1 on 3 Attempt(s) - 33.33%
Firebirds - 0 on 2 Attempt(s) - 0.00%
Penalty Kill
Marlies - 2 on 2 Attempt(s) - 100.00%
- Score 0 goal in Penalty Kill
Firebirds - 2 on 3 Attempt(s) - 66.67%
- Score 0 goal in Penalty Kill
Team Stat
Marlies - Hits : 24 - Faceoff Wins : 24 - Blocked Shots : 11 - Penalty Minutes : 4
Firebirds - Hits : 12 - Faceoff Wins : 30 - Blocked Shots : 14 - Penalty Minutes : 6
Official
Referees : Corey Syvret and Chris Lee
Linesman : Kyle Flemington and Kory Nagy
Game Notes
Jake Evans has scored in a empty net!
Finance
Level 1 -- Attendance: 1911 (95.55%) -- Ticket Income $133,770
Level 2 -- Attendance: 886 (88.60%) -- Ticket Income $35,440
Total Attendance: 2797 (93.23%)
Total Ticket Income: $169,210
Other Income: $8,460
Total Income: $177,670
Marlies
5 vs 5 Forward
Center Left Wing Right Wing Time % Phy DF OF
1 Aleksi Saarela Tyler Benson Martin Necas 40 1 2 2
2 Matthew Highmore Joel Farabee Mathieu Olivier 30 1 2 2
3 Lias Andersson Alex Formenton Kole Sherwood 20 1 2 2
4 Isac Lundestrom Hugh McGing Arthur Kaliyev 10 1 2 2
5 vs 5 Defense
Defense Defense Time % Phy DF OF
1 Rasmus Dahlin Pierre-Olivier Joseph 40 1 2 2
2 Lucas Carlsson Keaton Thompson 30 1 2 2
3 Dennis Gilbert Dmitri Samorukov 20 1 2 2
4 Pierre-Olivier Joseph Rasmus Dahlin 10 1 2 2
PowerPlay Forward
Center Left Wing Right Wing Time % Phy DF OF
1 Aleksi Saarela Joel Farabee Martin Necas 60 1 2 2
2 Lias Andersson Tyler Benson Mathieu Olivier 40 1 2 2
PowerPlay Defense
Defense Defense Time % Phy DF OF
1 Pierre-Olivier Joseph Lucas Carlsson 60 1 2 2
2 Dmitri Samorukov Keaton Thompson 40 1 2 2
Penalty Kill 4 Players Forward
Center Wing Time % Phy DF OF
1 Aleksi Saarela Tyler Benson 60 1 2 2
2 Martin Necas Mathieu Olivier 40 1 2 2
Penalty Kill 4 Players Defense
Defense Defense Time % Phy DF OF
1 Pierre-Olivier Joseph Lucas Carlsson 60 1 2 2
2 Rasmus Dahlin Keaton Thompson 40 1 2 2
Penalty Kill - 3 Players Forward
Forward Time % Phy DF OF
1 Aleksi Saarela 60 1 2 2
2 Tyler Benson 40 1 2 2
Penalty Kill - 3 Players Defense
Defense Defense Time % Phy DF OF
1 Pierre-Olivier Joseph Lucas Carlsson 60 1 2 2
2 Rasmus Dahlin Keaton Thompson 40 1 2 2
4 vs 4 Forward
Center Wing Time % Phy DF OF
1 Aleksi Saarela Tyler Benson 60 1 2 2
2 Martin Necas Mathieu Olivier 40 1 2 2
4 vs 4 Defense
Defense Defense Time % Phy DF OF
1 Pierre-Olivier Joseph Lucas Carlsson 60 1 2 2
2 Rasmus Dahlin Keaton Thompson 40 1 2 2
Last Minutes Offensive
Center Left Wing Right Wing Defense Defense
Aleksi Saarela Tyler Benson Martin Necas Pierre-Olivier Joseph Lucas Carlsson
Last Minutes Defensive
Center Left Wing Right Wing Defense Defense
Aleksi Saarela Tyler Benson Martin Necas Pierre-Olivier Joseph Lucas Carlsson
Goaltenders
Starting : Logan Thompson
Backup : Maxime Lagace
Extra Forwards
Normal : Joel Farabee, Mathieu Olivier, Aleksi Saarela - PP : Alex Formenton, Martin Necas - PK : Mathieu Olivier
Extra Defensemen
Normal : Dennis Gilbert, Dmitri Samorukov, Pierre-Olivier Joseph - PP : Dennis Gilbert - PK : Dmitri Samorukov, Rasmus Dahlin
Penalty Shots
Aleksi Saarela, Tyler Benson, Martin Necas, Mathieu Olivier, Joel Farabee
Custom OT Lines Forwards
Aleksi Saarela, Tyler Benson, Martin Necas, Mathieu Olivier, Joel Farabee, Alex Formenton, Kole Sherwood, Lias Andersson, Hugh McGing, Isac Lundestrom
Custom OT Lines Defensemen
Pierre-Olivier Joseph, Rasmus Dahlin, Lucas Carlsson, Keaton Thompson, Dmitri Samorukov
Scratches
Jonathan Gruden (Healthy), Jakob Forsbacka-Karlsson (Healthy), Jacob Bernard-Docker (Healthy), Xavier Bernard (Healthy), Otto Koivula (Abdomen/Ribs Injury)
Jonathan Davidsson (Healthy), Jan Jenik (Healthy), Blake Murray (Healthy), Vasili Podkolzin (Healthy), Samuel Fagemo (Healthy)
Veini Vehvilainen (Healthy), Matthew Thiessen (Healthy)
Firebirds
5 vs 5 Forward
Center Left Wing Right Wing Time % Phy DF OF
1 Jake Evans Hayden Hodgson Thomas Spelling 40 1 2 2
2 Pierre-Luc Dubois Eric Robinson Wade Allison 30 1 2 2
3 Jasper Weatherby Fredrik Olofsson Maksim Sushko 20 1 2 2
4 Sasha Chmelevski Jonah Gadjovich Matej Blumel 10 1 2 2
5 vs 5 Defense
Defense Defense Time % Phy DF OF
1 Jakub Zboril Victor Mete 40 1 2 2
2 Dylan Coghlan Matthew Kiersted 30 1 2 2
3 Jacob Middleton Kyle Capobianco 20 1 2 2
4 John Ludvig Maxence Guenette 10 1 2 2
PowerPlay Forward
Center Left Wing Right Wing Time % Phy DF OF
1 Jake Evans Hayden Hodgson Thomas Spelling 60 1 2 2
2 Pierre-Luc Dubois Eric Robinson Wade Allison 40 1 2 2
PowerPlay Defense
Defense Defense Time % Phy DF OF
1 Jakub Zboril Victor Mete 60 1 2 2
2 Dylan Coghlan Matthew Kiersted 40 1 2 2
Penalty Kill 4 Players Forward
Center Wing Time % Phy DF OF
1 Jake Evans Hayden Hodgson 60 1 2 2
2 Pierre-Luc Dubois Eric Robinson 40 1 2 2
Penalty Kill 4 Players Defense
Defense Defense Time % Phy DF OF
1 Jakub Zboril Victor Mete 60 1 2 2
2 Dylan Coghlan Matthew Kiersted 40 1 2 2
Penalty Kill - 3 Players Forward
Forward Time % Phy DF OF
1 Jake Evans 60 1 2 2
2 Pierre-Luc Dubois 40 1 2 2
Penalty Kill - 3 Players Defense
Defense Defense Time % Phy DF OF
1 Jakub Zboril Victor Mete 60 1 2 2
2 Dylan Coghlan Matthew Kiersted 40 1 2 2
4 vs 4 Forward
Center Wing Time % Phy DF OF
1 Jake Evans Hayden Hodgson 60 1 2 2
2 Pierre-Luc Dubois Eric Robinson 40 1 2 2
4 vs 4 Defense
Defense Defense Time % Phy DF OF
1 Jakub Zboril Victor Mete 60 1 2 2
2 Dylan Coghlan Matthew Kiersted 40 1 2 2
Last Minutes Offensive
Center Left Wing Right Wing Defense Defense
Jake Evans Hayden Hodgson Thomas Spelling Jakub Zboril Victor Mete
Last Minutes Defensive
Center Left Wing Right Wing Defense Defense
Jake Evans Hayden Hodgson Thomas Spelling Jakub Zboril Victor Mete
Goaltenders
Starting : Cayden Primeau
Backup : Jakub Skarek
Extra Forwards
Normal : Eric Robinson, Fredrik Olofsson, Wade Allison - PP : Eric Robinson, Fredrik Olofsson - PK : Eric Robinson
Extra Defensemen
Normal : Kyle Capobianco, John Ludvig, Maxence Guenette - PP : Kyle Capobianco - PK : Kyle Capobianco, John Ludvig
Penalty Shots
Hayden Hodgson, Thomas Spelling, Jake Evans, Pierre-Luc Dubois, Eric Robinson
Custom OT Lines Forwards
Hayden Hodgson, Thomas Spelling, Jake Evans, Pierre-Luc Dubois, Eric Robinson, Fredrik Olofsson, Wade Allison, Jonah Gadjovich, Jasper Weatherby, Maksim Sushko
Custom OT Lines Defensemen
Jakub Zboril, Victor Mete, Dylan Coghlan, Matthew Kiersted, Jacob Middleton
Scratches
Charlie McAvoy (Suspend), Valentin Nussbaumer (Healthy), Bobby Brink (Healthy), Ian Scott (Healthy)
% Time on Ice - Marlies
Lines # - Real PCT - Wanted PCT - Time Play
Normal Forward
1 - 33% - 40% - 17:20
2 - 26% - 30% - 13:24
3 - 22% - 20% - 11:25
4 - 19% - 10% - 9:36
Normal Defense
1 - 37% - 40% - 19:17
2 - 33% - 30% - 17:08
3 - 25% - 20% - 12:57
4 - 5% - 10% - 2:23
PP Forward
1 - 54% - 60% - 2:13
2 - 46% - 40% - 1:55
PP Defense
1 - 56% - 60% - 2:20
2 - 44% - 40% - 1:48
PK Forward
1 - 89% - 60% - 3:31
2 - 11% - 40% - 0:27
PK Defense
1 - 56% - 60% - 2:13
2 - 44% - 40% - 1:45
PK3 Forward
1 - 0% - 60%
2 - 0% - 40%
PK3 Defense
1 - 0% - 60%
2 - 0% - 40%
44 Forward
1 - 0% - 60%
2 - 0% - 40%
44 Defense
1 - 0% - 60%
2 - 0% - 40%
Last Minute Offensive - 0:09
Last Minute Defensive - 0:00
Total
Forward - 60:00
Defense - 60:00
|
% Time on Ice - Firebirds
Lines # - Real PCT - Wanted PCT - Time Play
Normal Forward
1 - 32% - 40% - 16:34
2 - 25% - 30% - 12:43
3 - 23% - 20% - 12:09
4 - 20% - 10% - 10:22
Normal Defense
1 - 35% - 40% - 18:23
2 - 30% - 30% - 15:18
3 - 21% - 20% - 10:47
4 - 14% - 10% - 7:20
PP Forward
1 - 56% - 60% - 2:13
2 - 44% - 40% - 1:45
PP Defense
1 - 51% - 60% - 2:01
2 - 49% - 40% - 1:57
PK Forward
1 - 84% - 60% - 3:29
2 - 16% - 40% - 0:39
PK Defense
1 - 60% - 60% - 2:29
2 - 40% - 40% - 1:39
PK3 Forward
1 - 0% - 60%
2 - 0% - 40%
PK3 Defense
1 - 0% - 60%
2 - 0% - 40%
44 Forward
1 - 0% - 60%
2 - 0% - 40%
44 Defense
1 - 0% - 60%
2 - 0% - 40%
Last Minute Offensive - 0:00
Last Minute Defensive - 0:06
Total
Forward - 60:00
Defense - 60:00
|
Play-by-Play
1st period
0:01 of 1st period - Aleksi Saarela wins face-off versus Jake Evans in neutral zone.
0:05 of 1st period - Off-side.
0:06 of 1st period - Aleksi Saarela wins face-off versus Jake Evans in neutral zone.
0:09 of 1st period - Snap shot by Tyler Benson.
0:09 of 1st period - Stopped by Cayden Primeau without a rebound.
0:10 of 1st period - Jake Evans wins face-off versus Aleksi Saarela in Firebirds zone.
0:21 of 1st period - Snap shot by Jake Evans.
0:21 of 1st period - Shot Misses the Net.
0:23 of 1st period - Wrist shot by Hayden Hodgson.
0:23 of 1st period - Shot Misses the Net.
0:57 of 1st period - Slapshot by Jake Evans.
0:57 of 1st period - Stopped by Logan Thompson with a rebound.
0:59 of 1st period - Snap shot by Thomas Spelling.
0:59 of 1st period - Stopped by Logan Thompson with a rebound.
1:01 of 1st period - Slapshot by Jakub Zboril.
1:01 of 1st period - Shot Blocked by Rasmus Dahlin.
1:03 of 1st period - Snap shot by Victor Mete.
1:03 of 1st period - Stopped by Logan Thompson with a rebound.
1:05 of 1st period - Snap shot by Jakub Zboril.
1:05 of 1st period - Stopped by Logan Thompson without a rebound.
1:06 of 1st period - Matthew Highmore wins face-off versus Pierre-Luc Dubois in Marlies zone.
1:59 of 1st period - Snap shot by Arthur Kaliyev.
1:59 of 1st period - Shot Misses the Net.
2:18 of 1st period - Icing by Eric Robinson.
2:19 of 1st period - Pierre-Luc Dubois wins face-off versus Matthew Highmore in Firebirds zone.
2:46 of 1st period - Wrist shot by Eric Robinson.
2:46 of 1st period - Stopped by Logan Thompson with a rebound.
3:45 of 1st period - Wrist shot by Mathieu Olivier.
3:45 of 1st period - Stopped by Cayden Primeau without a rebound.
3:46 of 1st period - Aleksi Saarela wins face-off versus Jake Evans in Firebirds zone.
4:00 of 1st period - Snap shot by Thomas Spelling.
4:00 of 1st period - Stopped by Logan Thompson with a rebound.
4:02 of 1st period - Snap shot by Jake Evans.
4:02 of 1st period - Shot Hit the Post.
4:17 of 1st period - Wrist shot by Kole Sherwood.
4:17 of 1st period - Deflect By Alex Formenton.
4:17 of 1st period - Stopped by Cayden Primeau with a rebound.
4:23 of 1st period - Slapshot by Pierre-Olivier Joseph.
4:23 of 1st period - Stopped by Cayden Primeau without a rebound.
4:24 of 1st period - Isac Lundestrom wins face-off versus Jake Evans in Firebirds zone.
4:25 of 1st period - Snap shot by Hugh McGing.
4:25 of 1st period - Shot Blocked by Jakub Zboril.
4:27 of 1st period - Slapshot by Keaton Thompson.
4:27 of 1st period - Shot Blocked by Jake Evans.
4:53 of 1st period - Snap shot by Alex Formenton.
4:53 of 1st period - Shot Misses the Net.
5:33 of 1st period - Matthew Kiersted is hit by Arthur Kaliyev.
7:59 of 1st period - Sasha Chmelevski is hit by Mathieu Olivier and loses puck.
8:08 of 1st period - Slapshot by Rasmus Dahlin.
8:08 of 1st period - Shot Blocked by Maxence Guenette.
8:10 of 1st period - Wrist shot by Mathieu Olivier.
8:10 of 1st period - Stopped by Cayden Primeau without a rebound.
8:11 of 1st period - Jake Evans wins face-off versus Aleksi Saarela in Firebirds zone.
8:42 of 1st period - Snap shot by Martin Necas.
8:42 of 1st period - Shot Blocked by Fredrik Olofsson.
9:32 of 1st period - Jakub Zboril is hit by Tyler Benson and loses puck.
9:47 of 1st period - Snap shot by Pierre-Olivier Joseph.
9:47 of 1st period - Shot Blocked by Victor Mete.
9:49 of 1st period - Wrist shot by Pierre-Olivier Joseph.
9:49 of 1st period - Shot Misses the Net.
10:14 of 1st period - Slapshot by Pierre-Olivier Joseph.
10:14 of 1st period - Deflect By Martin Necas.
10:14 of 1st period - Shot Misses the Net.
10:14 of 1st period - Puck is out of play.
10:15 of 1st period - Jake Evans wins face-off versus Lias Andersson in Firebirds zone.
10:26 of 1st period - Snap shot by Jake Evans.
10:26 of 1st period - Shot Blocked by Lucas Carlsson.
10:40 of 1st period - Dylan Coghlan is hit by Mathieu Olivier.
10:48 of 1st period - Wrist shot by Pierre-Luc Dubois.
10:48 of 1st period - Shot Misses the Net.
10:50 of 1st period - Slapshot by Jacob Middleton.
10:50 of 1st period - Stopped by Logan Thompson with a rebound.
11:07 of 1st period - Off-side.
11:08 of 1st period - Jake Evans wins face-off versus Lias Andersson in neutral zone.
11:19 of 1st period - Snap shot by Thomas Spelling.
11:19 of 1st period - Shot Misses the Net.
11:21 of 1st period - Snap shot by Jake Evans.
11:21 of 1st period - Stopped by Logan Thompson with a rebound.
11:23 of 1st period - Wrist shot by Hayden Hodgson.
11:23 of 1st period - Shot Misses the Net.
11:50 of 1st period - Minor Penalty to Pierre-Luc Dubois for Holding.
11:51 of 1st period - Jake Evans wins face-off versus Lias Andersson in Firebirds zone.
13:05 of 1st period - Tyler Benson is hit by Hayden Hodgson and loses puck.
13:29 of 1st period - Eric Robinson is hit by Lucas Carlsson and loses puck.
13:40 of 1st period - Dmitri Samorukov is hit by Jakub Zboril and loses puck.
13:50 of 1st period - Penalty to Pierre-Luc Dubois is over, Pierre-Luc Dubois is back on ice.
14:01 of 1st period - Snap shot by Jonah Gadjovich.
14:01 of 1st period - Stopped by Logan Thompson with a rebound.
14:03 of 1st period - Slapshot by Victor Mete.
14:03 of 1st period - Stopped by Logan Thompson with a rebound.
14:05 of 1st period - Snap shot by Jonah Gadjovich.
14:05 of 1st period - Stopped by Logan Thompson without a rebound.
14:06 of 1st period - Isac Lundestrom wins face-off versus Jake Evans in Marlies zone.
14:11 of 1st period - Thomas Spelling is hit by Hugh McGing and loses puck.
14:34 of 1st period - Lias Andersson is hit by John Ludvig and loses puck.
14:39 of 1st period - Slapshot by Jasper Weatherby.
14:39 of 1st period - Shot Misses the Net.
14:41 of 1st period - Slapshot by Jasper Weatherby.
14:41 of 1st period - Shot Misses the Net.
14:43 of 1st period - Slapshot by John Ludvig.
14:43 of 1st period - Stopped by Logan Thompson without a rebound.
14:44 of 1st period - Eric Robinson wins face-off versus Aleksi Saarela in Marlies zone.
14:49 of 1st period - Wrist shot by Eric Robinson.
14:49 of 1st period - Shot Misses the Net.
17:20 of 1st period - Jonah Gadjovich is hit by Dmitri Samorukov and loses puck.
17:33 of 1st period - Slapshot by Alex Formenton.
17:33 of 1st period - Shot Misses the Net.
17:35 of 1st period - Snap shot by Lias Andersson.
17:35 of 1st period - Shot Misses the Net.
17:37 of 1st period - Slapshot by Dmitri Samorukov.
17:37 of 1st period - Deflect By Kole Sherwood.
17:37 of 1st period - Shot Misses the Net.
17:37 of 1st period - Puck is out of play.
17:38 of 1st period - Jake Evans wins face-off versus Tyler Benson in Firebirds zone.
18:28 of 1st period - Pierre-Luc Dubois is hit by Isac Lundestrom and loses puck.
Goals for this period are 0 for Marlies vs 0 for Firebirds.
Shots for this period are 5 for Marlies vs 12 for Firebirds.
2nd period
0:01 of 2nd period - Jake Evans wins face-off versus Aleksi Saarela in neutral zone.
0:14 of 2nd period - Wrist shot by Thomas Spelling.
0:14 of 2nd period - Stopped by Logan Thompson with a rebound.
0:16 of 2nd period - Snap shot by Jake Evans.
0:16 of 2nd period - Stopped by Logan Thompson with a rebound.
0:23 of 2nd period - Icing by Martin Necas.
0:24 of 2nd period - Matthew Highmore wins face-off versus Pierre-Luc Dubois in Marlies zone.
0:51 of 2nd period - Snap shot by Aleksi Saarela.
0:51 of 2nd period - Stopped by Cayden Primeau with a rebound.
1:32 of 2nd period - Snap shot by Jonah Gadjovich.
1:32 of 2nd period - Shot Blocked by Rasmus Dahlin.
1:34 of 2nd period - Slapshot by Matthew Kiersted.
1:34 of 2nd period - Shot Misses the Net.
1:36 of 2nd period - Slapshot by Matthew Kiersted.
1:36 of 2nd period - Deflect By Jonah Gadjovich.
1:36 of 2nd period - Shot Misses the Net.
1:36 of 2nd period - Puck is out of play.
1:37 of 2nd period - Aleksi Saarela wins face-off versus Jake Evans in Marlies zone.
2:03 of 2nd period - Jake Evans is hit by Rasmus Dahlin and loses puck.
3:12 of 2nd period - Wrist shot by Jake Evans.
3:12 of 2nd period - Deflect By Thomas Spelling.
3:12 of 2nd period - Shot Hit the Post.
3:12 of 2nd period - Puck is out of play.
3:13 of 2nd period - Wade Allison wins face-off versus Matthew Highmore in Marlies zone.
3:18 of 2nd period - Wrist shot by Wade Allison.
3:18 of 2nd period - Stopped by Logan Thompson with a rebound.
3:20 of 2nd period - Backhand shot by Wade Allison.
3:20 of 2nd period - Stopped by Logan Thompson with a rebound.
3:38 of 2nd period - Dylan Coghlan is hit by Alex Formenton.
4:17 of 2nd period - Kyle Capobianco is hit by Keaton Thompson and loses puck.
4:39 of 2nd period - Snap shot by Fredrik Olofsson.
4:39 of 2nd period - Stopped by Logan Thompson with a rebound.
4:41 of 2nd period - Slapshot by Jacob Middleton.
4:41 of 2nd period - Shot Misses the Net.
4:43 of 2nd period - Wrist shot by Jasper Weatherby.
4:43 of 2nd period - Shot Blocked by Lias Andersson.
5:01 of 2nd period - John Ludvig is hit by Lucas Carlsson and loses puck.
5:47 of 2nd period - Minor Penalty to Maxence Guenette for Elbowing.
5:48 of 2nd period - Jake Evans wins face-off versus Aleksi Saarela in Firebirds zone.
5:57 of 2nd period - Snap shot by Pierre-Olivier Joseph.
5:57 of 2nd period - Deflect By Joel Farabee.
5:57 of 2nd period - Goal by Joel Farabee - Marlies : 1 - Firebirds : 0.
5:58 of 2nd period - Hayden Hodgson wins face-off versus Aleksi Saarela in neutral zone.
6:01 of 2nd period - Slapshot by Victor Mete.
6:01 of 2nd period - Stopped by Logan Thompson with a rebound.
6:03 of 2nd period - Slapshot by Jakub Zboril.
6:03 of 2nd period - Stopped by Logan Thompson with a rebound.
6:11 of 2nd period - Snap shot by Hayden Hodgson.
6:11 of 2nd period - Shot Misses the Net.
6:25 of 2nd period - Jakub Zboril is hit by Mathieu Olivier and loses puck.
6:42 of 2nd period - Maksim Sushko is hit by Kole Sherwood and loses puck.
6:53 of 2nd period - Wrist shot by Kole Sherwood.
6:53 of 2nd period - Shot Blocked by Dylan Coghlan.
7:06 of 2nd period - Off-side.
7:07 of 2nd period - Martin Necas wins face-off versus Hayden Hodgson in neutral zone.
7:20 of 2nd period - Tyler Benson is hit by Hayden Hodgson.
7:32 of 2nd period - Kyle Capobianco is hit by Keaton Thompson and loses puck.
8:16 of 2nd period - Wrist shot by Victor Mete.
8:16 of 2nd period - Stopped by Logan Thompson with a rebound.
8:18 of 2nd period - Slapshot by Thomas Spelling.
8:18 of 2nd period - Shot Blocked by Arthur Kaliyev.
8:34 of 2nd period - Matej Blumel is hit by Tyler Benson and loses puck.
8:39 of 2nd period - Wrist shot by Tyler Benson.
8:39 of 2nd period - Shot Misses the Net.
9:06 of 2nd period - Backhand shot by Alex Formenton.
9:06 of 2nd period - Shot Misses the Net.
9:08 of 2nd period - Snap shot by Kole Sherwood.
9:08 of 2nd period - Shot Blocked by Jonah Gadjovich.
10:14 of 2nd period - Icing by Jake Evans.
10:15 of 2nd period - Jake Evans wins face-off versus Matthew Highmore in Firebirds zone.
10:26 of 2nd period - Slapshot by Jake Evans.
10:26 of 2nd period - Shot Misses the Net.
10:28 of 2nd period - Wrist shot by Jake Evans.
10:28 of 2nd period - Stopped by Logan Thompson with a rebound.
10:30 of 2nd period - Wrist shot by Jake Evans.
10:30 of 2nd period - Stopped by Logan Thompson with a rebound.
10:32 of 2nd period - Wrist shot by Thomas Spelling.
10:32 of 2nd period - Deflect By Hayden Hodgson.
10:32 of 2nd period - Stopped by Logan Thompson without a rebound.
10:33 of 2nd period - Pierre-Luc Dubois wins face-off versus Martin Necas in Marlies zone.
11:04 of 2nd period - Wrist shot by Jasper Weatherby.
11:04 of 2nd period - Goal by Jasper Weatherby - Marlies : 1 - Firebirds : 1.
11:05 of 2nd period - Jake Evans wins face-off versus Aleksi Saarela in neutral zone.
11:20 of 2nd period - Snap shot by Jake Evans.
11:20 of 2nd period - Stopped by Logan Thompson with a rebound.
11:44 of 2nd period - Wrist shot by Martin Necas.
11:44 of 2nd period - Stopped by Cayden Primeau with a rebound.
11:48 of 2nd period - Wrist shot by Tyler Benson.
11:48 of 2nd period - Stopped by Cayden Primeau with a rebound.
11:50 of 2nd period - Slapshot by Rasmus Dahlin.
11:50 of 2nd period - Stopped by Cayden Primeau without a rebound.
11:51 of 2nd period - Matthew Highmore wins face-off versus Jake Evans in Firebirds zone.
11:58 of 2nd period - Snap shot by Mathieu Olivier.
11:58 of 2nd period - Stopped by Cayden Primeau with a rebound.
12:07 of 2nd period - Off-side.
12:08 of 2nd period - Pierre-Luc Dubois wins face-off versus Lias Andersson in neutral zone.
12:17 of 2nd period - Snap shot by Pierre-Luc Dubois.
12:17 of 2nd period - Goal by Pierre-Luc Dubois - Marlies : 1 - Firebirds : 2.
12:18 of 2nd period - Jake Evans wins face-off versus Aleksi Saarela in neutral zone.
13:31 of 2nd period - Wrist shot by Sasha Chmelevski.
13:31 of 2nd period - Shot Blocked by Kole Sherwood.
13:55 of 2nd period - Backhand shot by Martin Necas.
13:55 of 2nd period - Shot Blocked by Kyle Capobianco.
14:11 of 2nd period - Off-side.
14:12 of 2nd period - Matthew Highmore wins face-off versus Pierre-Luc Dubois in neutral zone.
15:27 of 2nd period - Slapshot by Dmitri Samorukov.
15:27 of 2nd period - Stopped by Cayden Primeau with a rebound.
16:10 of 2nd period - Snap shot by Aleksi Saarela.
16:10 of 2nd period - Shot Hit the Post.
16:43 of 2nd period - Lias Andersson is hit by Jasper Weatherby and loses puck.
17:20 of 2nd period - Jacob Middleton is hit by Arthur Kaliyev and loses puck.
17:25 of 2nd period - Slapshot by Pierre-Olivier Joseph.
17:25 of 2nd period - Stopped by Cayden Primeau without a rebound.
17:26 of 2nd period - Isac Lundestrom wins face-off versus Jake Evans in Firebirds zone.
18:15 of 2nd period - Snap shot by Hayden Hodgson.
18:15 of 2nd period - Stopped by Logan Thompson without a rebound.
18:16 of 2nd period - Pierre-Luc Dubois wins face-off versus Aleksi Saarela in Marlies zone.
18:59 of 2nd period - Off-side.
19:00 of 2nd period - Sasha Chmelevski wins face-off versus Lias Andersson in neutral zone.
19:48 of 2nd period - Jakub Zboril is hit by Alex Formenton and loses puck.
Goals for this period are 1 for Marlies vs 2 for Firebirds.
Shots for this period are 8 for Marlies vs 15 for Firebirds.
3rd period
0:01 of 3rd period - Jake Evans wins face-off versus Aleksi Saarela in neutral zone.
0:04 of 3rd period - Snap shot by Jakub Zboril.
0:04 of 3rd period - Stopped by Logan Thompson without a rebound.
0:05 of 3rd period - Jake Evans wins face-off versus Aleksi Saarela in Marlies zone.
0:31 of 3rd period - Icing by Victor Mete.
0:32 of 3rd period - Pierre-Luc Dubois wins face-off versus Matthew Highmore in Firebirds zone.
0:43 of 3rd period - Wrist shot by Joel Farabee.
0:43 of 3rd period - Stopped by Cayden Primeau with a rebound.
0:45 of 3rd period - Wrist shot by Mathieu Olivier.
0:45 of 3rd period - Stopped by Cayden Primeau with a rebound.
0:47 of 3rd period - Wrist shot by Mathieu Olivier.
0:47 of 3rd period - Shot Blocked by Victor Mete.
0:53 of 3rd period - Minor Penalty to Wade Allison for Hooking.
0:54 of 3rd period - Jake Evans wins face-off versus Aleksi Saarela in Firebirds zone.
1:27 of 3rd period - Wrist shot by Tyler Benson.
1:27 of 3rd period - Shot Misses the Net.
2:53 of 3rd period - Penalty to Wade Allison is over, Wade Allison is back on ice.
3:13 of 3rd period - Matej Blumel is hit by Hugh McGing and loses puck.
3:26 of 3rd period - Dmitri Samorukov is hit by Kyle Capobianco and loses puck.
5:11 of 3rd period - Icing by Dylan Coghlan.
5:12 of 3rd period - Sasha Chmelevski wins face-off versus Isac Lundestrom in Firebirds zone.
5:34 of 3rd period - Dennis Gilbert is hit by Dylan Coghlan and loses puck.
5:53 of 3rd period - Snap shot by Sasha Chmelevski.
5:53 of 3rd period - Stopped by Logan Thompson without a rebound.
5:54 of 3rd period - Aleksi Saarela wins face-off versus Jake Evans in Marlies zone.
5:59 of 3rd period - Wrist shot by Thomas Spelling.
5:59 of 3rd period - Shot Misses the Net.
6:01 of 3rd period - Slapshot by Victor Mete.
6:01 of 3rd period - Shot Blocked by Tyler Benson.
6:07 of 3rd period - Slapshot by Hayden Hodgson.
6:07 of 3rd period - Deflect By Thomas Spelling.
6:07 of 3rd period - Shot Misses the Net.
6:07 of 3rd period - Puck is out of play.
6:08 of 3rd period - Martin Necas wins face-off versus Jake Evans in Marlies zone.
6:10 of 3rd period - Minor Penalty to Tyler Benson for Tripping.
6:11 of 3rd period - Jake Evans wins face-off versus Aleksi Saarela in Marlies zone.
6:37 of 3rd period - Snap shot by Eric Robinson.
6:37 of 3rd period - Shot Misses the Net.
7:09 of 3rd period - Slapshot by Rasmus Dahlin.
7:09 of 3rd period - Stopped by Cayden Primeau without a rebound.
7:10 of 3rd period - Isac Lundestrom wins face-off versus Jake Evans in Firebirds zone.
7:11 of 3rd period - Slapshot by Rasmus Dahlin.
7:11 of 3rd period - Stopped by Cayden Primeau without a rebound.
7:12 of 3rd period - Isac Lundestrom wins face-off versus Jake Evans in Firebirds zone.
7:23 of 3rd period - Wrist shot by Victor Mete.
7:23 of 3rd period - Stopped by Logan Thompson with a rebound.
7:43 of 3rd period - Wrist shot by Eric Robinson.
7:43 of 3rd period - Shot Misses the Net.
8:10 of 3rd period - Penalty to Tyler Benson is over, Tyler Benson is back on ice.
9:42 of 3rd period - Off-side.
9:43 of 3rd period - Sasha Chmelevski wins face-off versus Aleksi Saarela in neutral zone.
9:43 of 3rd period - Victor Mete is hit by Tyler Benson and loses puck.
9:48 of 3rd period - Lucas Carlsson is hit by Jakub Zboril.
9:55 of 3rd period - Slapshot by Jakub Zboril.
9:55 of 3rd period - Shot Misses the Net.
9:57 of 3rd period - Slapshot by Jakub Zboril.
9:57 of 3rd period - Shot Blocked by Tyler Benson.
10:01 of 3rd period - Snap shot by Jonah Gadjovich.
10:01 of 3rd period - Shot Misses the Net.
10:03 of 3rd period - Slapshot by Jakub Zboril.
10:03 of 3rd period - Shot Blocked by Tyler Benson.
10:08 of 3rd period - Minor Penalty to Keaton Thompson for Roughing.
10:09 of 3rd period - Aleksi Saarela wins face-off versus Jake Evans in Marlies zone.
12:08 of 3rd period - Penalty to Keaton Thompson is over, Keaton Thompson is back on ice.
12:17 of 3rd period - Dmitri Samorukov is hit by Maksim Sushko and loses puck.
12:47 of 3rd period - Slapshot by Dmitri Samorukov.
12:47 of 3rd period - Stopped by Cayden Primeau with a rebound.
12:49 of 3rd period - Snap shot by Isac Lundestrom.
12:49 of 3rd period - Shot Blocked by Sasha Chmelevski.
12:51 of 3rd period - Wrist shot by Arthur Kaliyev.
12:51 of 3rd period - Shot Misses the Net.
12:53 of 3rd period - Slapshot by Dmitri Samorukov.
12:53 of 3rd period - Shot Blocked by Kyle Capobianco.
12:55 of 3rd period - Snap shot by Arthur Kaliyev.
12:55 of 3rd period - Shot Misses the Net.
13:11 of 3rd period - Snap shot by Arthur Kaliyev.
13:11 of 3rd period - Shot Blocked by Jacob Middleton.
13:24 of 3rd period - Icing by Arthur Kaliyev.
13:25 of 3rd period - Isac Lundestrom wins face-off versus Jake Evans in Marlies zone.
13:25 of 3rd period - Isac Lundestrom is hit by Dylan Coghlan.
13:41 of 3rd period - Icing by Dylan Coghlan.
13:42 of 3rd period - Jake Evans wins face-off versus Aleksi Saarela in Firebirds zone.
13:42 of 3rd period - Jake Evans is hit by Aleksi Saarela.
13:50 of 3rd period - Snap shot by Hayden Hodgson.
13:50 of 3rd period - Stopped by Logan Thompson without a rebound.
13:51 of 3rd period - Aleksi Saarela wins face-off versus Jake Evans in Marlies zone.
13:51 of 3rd period - Aleksi Saarela is hit by Thomas Spelling.
14:07 of 3rd period - Snap shot by Aleksi Saarela.
14:07 of 3rd period - Shot Blocked by Jake Evans.
14:11 of 3rd period - Snap shot by Aleksi Saarela.
14:11 of 3rd period - Deflect By Tyler Benson.
14:11 of 3rd period - Stopped by Cayden Primeau without a rebound.
14:12 of 3rd period - Matthew Highmore wins face-off versus Pierre-Luc Dubois in Firebirds zone.
14:37 of 3rd period - Matthew Kiersted is hit by Martin Necas and loses puck.
15:43 of 3rd period - Icing by Kyle Capobianco.
15:44 of 3rd period - Jake Evans wins face-off versus Aleksi Saarela in Firebirds zone.
15:49 of 3rd period - Snap shot by Martin Necas.
15:49 of 3rd period - Shot Misses the Net.
15:51 of 3rd period - Slapshot by Pierre-Olivier Joseph.
15:51 of 3rd period - Shot Blocked by Jacob Middleton.
15:53 of 3rd period - Slapshot by Rasmus Dahlin.
15:53 of 3rd period - Stopped by Cayden Primeau without a rebound.
15:54 of 3rd period - Aleksi Saarela wins face-off versus Hayden Hodgson in Firebirds zone.
16:03 of 3rd period - Wrist shot by Martin Necas.
16:03 of 3rd period - Stopped by Cayden Primeau without a rebound.
16:04 of 3rd period - Jake Evans wins face-off versus Aleksi Saarela in Firebirds zone.
16:29 of 3rd period - Wrist shot by Jake Evans.
16:29 of 3rd period - Stopped by Logan Thompson with a rebound.
16:31 of 3rd period - Snap shot by Jakub Zboril.
16:31 of 3rd period - Deflect By Thomas Spelling.
16:31 of 3rd period - Shot Misses the Net.
16:31 of 3rd period - Puck is out of play.
16:32 of 3rd period - Lias Andersson wins face-off versus Jasper Weatherby in Marlies zone.
16:32 of 3rd period - Lias Andersson is hit by Jasper Weatherby.
16:46 of 3rd period - Snap shot by Fredrik Olofsson.
16:46 of 3rd period - Shot Blocked by Lucas Carlsson.
16:48 of 3rd period - Slapshot by Dylan Coghlan.
16:48 of 3rd period - Shot Misses the Net.
16:58 of 3rd period - Eric Robinson is hit by Mathieu Olivier and loses puck.
17:03 of 3rd period - Wrist shot by Pierre-Olivier Joseph.
17:03 of 3rd period - Stopped by Cayden Primeau without a rebound.
17:04 of 3rd period - Jake Evans wins face-off versus Aleksi Saarela in Firebirds zone.
17:04 of 3rd period - Jake Evans is hit by Rasmus Dahlin.
17:18 of 3rd period - Snap shot by Thomas Spelling.
17:18 of 3rd period - Stopped by Logan Thompson with a rebound.
17:32 of 3rd period - Slapshot by Rasmus Dahlin.
17:32 of 3rd period - Stopped by Cayden Primeau with a rebound.
18:38 of 3rd period - Off-side.
18:39 of 3rd period - Aleksi Saarela wins face-off versus Jasper Weatherby in neutral zone.
18:46 of 3rd period - Marlies, Logan Thompson is pulled from the net.
19:04 of 3rd period - Wrist shot by Jake Evans.
19:04 of 3rd period - Goal by Jake Evans - Marlies : 1 - Firebirds : 3.
19:04 of 3rd period - Logan Thompson from Marlies was sent back in the game.
19:05 of 3rd period - Lias Andersson wins face-off versus Jasper Weatherby in neutral zone.
19:14 of 3rd period - Slapshot by Victor Mete.
19:14 of 3rd period - Stopped by Logan Thompson with a rebound.
19:39 of 3rd period - Wrist shot by Fredrik Olofsson.
19:39 of 3rd period - Shot Blocked by Pierre-Olivier Joseph.
Goals for this period are 0 for Marlies vs 1 for Firebirds.
Shots for this period are 10 for Marlies vs 8 for Firebirds.